 Dungeon Crawl Stone Soup version 0.17.1-1-g73c8601 (webtiles) character file.

133910 Maia the Convoker (level 17, 0/186 HPs)
             Began as a Human Summoner on Dec 26, 2015.
             Was the Champion of Sif Muna.
             Succumbed to a redback's poison
             ... on level 3 of the Spider Nest.
             The game lasted 04:40:29 (46071 turns).

Maia the Convoker (Human Summoner)                 Turns: 46071, Time: 04:40:29

Health: 0/186      AC: 28    Str:  9    XL:     17   Next: 38%
Magic:  42/42      EV:  2    Int: 22    God:    Sif Muna [******]
Gold:   2114       SH:  0    Dex: 14    Spells: 9 memorised, 3 levels left

rFire  . . .     SeeInvis +     E - +8 trident of Interdependent Arising {freeze, MR+ SInv}
rCold  + . .     Clarity  .     (armour currently unavailable)
rNeg   + + +     SustAt   .     d - +2 buckler {rC+}
rPois  +         Gourm    +     (helmet currently unavailable)
rElec  .         Spirit   .     (cloak currently unavailable)
rCorr  .         Warding  .     (gloves currently unavailable)
rMut   .         NoTele   +     (boots currently unavailable)
MR     ++...                    f - amulet of the gourmand
Stlth  ++........               Q - ring of wizardry
                                k - ring of magical power

@: confused, lethally poisoned (0 -> -65), tree-form, very slightly
contaminated, regenerating, very resistant to hostile enchantments, unstealthy
A: (antennae 0), (large bone plates 0), (deformed body), spit poison 1,
MP-powered wands
a: Spit Poison, Channel Energy, Forget Spell, Renounce Religion
}: 1/15 runes: decaying


You were on level 3 of the Spider Nest.
You worshipped Sif Muna.
Sif Muna was exalted by your worship.
You were not hungry.
You were a tree.
You visited 5 branches of the dungeon, and saw 28 of its levels.
You also visited: Sewer, Ossuary, Bailey and Ice Cave.

You collected 2276 gold pieces.
You spent 162 gold pieces at shops.

Inventory:

Hand Weapons
 E - the +8 trident of Interdependent Arising (weapon) {freeze, MR+ SInv}
   (You took it off a spriggan on level 4 of the Swamp)

   It has been specially enchanted to freeze those struck by it, causing extra
   injury to most foes and up to half again as much damage against particularly
   susceptible opponents.
   It can also slow down cold-blooded creatures.
   It affects your resistance to hostile enchantments.
   It lets you see invisible.
Armour
 d - a +2 buckler of cold resistance (worn)
 j - a +2 cloak of cold resistance (melded)
 o - a +2 pair of boots of stealth (melded)
 t - a quicksilver dragon armour (melded)
 S - a +1 pair of gloves (melded)
 Y - the +3 hat of Pondering (melded) {ponderous, MR+ MP+10 Int+5}
   (You took it off Gastronok on level 1 of the Lair of Beasts)

   It affects your intelligence (+5).
   It affects your resistance to hostile enchantments.
   It affects your magic capacity (+10).
Magical Staves
 V - an uncursed staff of wizardry
Jewellery
 f - an amulet of the gourmand (around neck)
 k - a ring of magical power (left branch)
 F - an uncursed ring of protection from cold
 Q - a ring of wizardry (right branch)
 W - an uncursed ring of protection from fire
Wands
 p - a wand of lightning (4)
 q - a wand of fire (4)
 y - a wand of hasting (1)
 A - a wand of cold (0)
 C - a wand of polymorph (5)
 D - a wand of enslavement (13)
 U - a wand of fireball (8)
Scrolls
 e - 7 scrolls of recharging
 i - 2 scrolls of amnesia
 l - 10 scrolls of teleportation
 m - 18 scrolls of remove curse
 u - 4 scrolls of magic mapping
 w - a scroll of holy word
 G - 2 scrolls of enchant armour
 M - 5 scrolls of fog
 P - 5 scrolls of identify
 T - 2 scrolls of enchant weapon
Potions
 n - 3 potions of lignification
 r - 4 potions of agility
 s - 7 potions of brilliance
 v - 8 potions of might
 z - 7 potions of haste
 B - 2 potions of resistance
 K - a potion of beneficial mutation
 N - 2 potions of magic
 O - 2 potions of ambrosia
 Z - 2 potions of flight
Books
 L - a book of Summonings

   Spells                             Type                      Level
   a - Recall                         Summoning/Translocation      3
   b - Aura of Abjuration             Summoning                    5
   c - Shadow Creatures               Summoning                    5
   d - Summon Demon                   Summoning                    5
   e - Summon Forest                  Summoning/Translocation      5
   f - Summon Mana Viper              Hexes/Summoning              5
 R - Sif Muna's Almanac of Hexes
   (Sif Muna gifted it to you on level 8 of the Lair of Beasts)

   Spells                             Type                      Level
   a - Ensorcelled Hibernation        Hexes/Ice                    2
   b - Dazzling Spray                 Conjuration/Hexes            3
   c - Summon Mana Viper              Hexes/Summoning              5
   d - Invisibility                   Hexes                        6
 X - a book of Conjurations

   Spells                             Type                      Level
   a - Magic Dart                     Conjuration                  1
   b - Searing Ray                    Conjuration                  2
   c - Dazzling Spray                 Conjuration/Hexes            3
   d - Fulminant Prism                Conjuration/Hexes            4
   e - Iskenderun's Mystic Blast      Conjuration                  4
   f - Iskenderun's Battlesphere      Conjuration/Charms           5
Miscellaneous
 b - a crystal ball of energy
Comestibles
 a - a royal jelly
 c - 15 bread rations
 g - 10 meat rations


   Skills:
 + Level 8.5 Fighting
 - Level 7.0 Dodging
 - Level 6.0 Stealth
 - Level 12.0 Spellcasting
   Level 6.0 Hexes
 - Level 3.8 Charms
 + Level 19.1 Summonings
 - Level 6.0 Translocations
 - Level 6.2 Ice Magic
 - Level 6.0 Air Magic


You had 3 spell levels left.
You knew the following spells:

 Your Spells              Type           Power        Failure   Level  Hunger
a - Shadow Creatures      Summ           N/A          1%          5    ####...
b - Swiftness             Chrm/Air       ####....     1%          2    None
d - Summon Ice Beast      Ice/Summ       ######..     1%          4    None
e - Summon Lightning Spi  Summ/Air       ######..     1%          4    None
f - Regeneration          Chrm/Necr      ###.......   6%          3    None
g - Summon Butterflies    Summ           #######.     0%          1    None
h - Summon Forest         Summ/Tloc      ######....   1%          5    ####...
i - Monstrous Menagerie   Summ           #######...   1%          6    #####..
j - Summon Hydra          Summ           #######...   1%          7    #######


Dungeon Overview and Level Annotations

Branches:
Dungeon (12/15)            Temple (1/1) D:5            Lair (8/8) D:9
  Swamp (4/4) Lair:3       Spider (3/4) Lair:5        Slime (0/6) Lair:7
    Orc (0/4) D:10

Altars:
Cheibriados
Dithmenos
Elyvilon
Fedhas
Gozag
Nemelex Xobeh
Okawaru
Qazlal
Ru
Sif Muna
Trog
Vehumet
Xom
Yredelemnul
The Shining One

Shops:
D:10 *

Annotations:
D:8 exclusion: 2 downstairs


Innate Abilities, Weirdness & Mutations

((You have a pair of small antennae on your head.))
((You are partially covered in large bone plates (AC +2, SH +2).))
((Armour fits poorly on your strangely shaped body.))
You can spit weak poison.
You expend magic power (3 MP) to strengthen your wands.


Message History

You feel extremely sick.
There is a stone staircase leading up here.
You turn into a tree.
Your +2 cloak of cold resistance melds into your body.
The +3 hat of Pondering {ponderous, MR+ MP+10 Int+5} melds into your body.
Your +1 pair of gloves melds into your body.
Your +2 pair of boots of stealth melds into your body.
Your quicksilver dragon armour melds into your body.
You feel less resistant to cold.
That put a bit of spring back into your step.
You feel less stealthy.
Your roots penetrate the ground.
* * * LOW HITPOINT WARNING * * *
You feel extremely sick. You block the redback's attack.
You are confused.
You feel invigorated.
* * * LOW HITPOINT WARNING * * *
You feel extremely sick.
The redback bites you but does no damage. x2
You die...

#.
..#....#..#..#^..###
#
.#..(.##..#.^##....#
.#.##.
#..#...###..##
#..#.%###..##
#..#.%##..##
...#.^###..#
..###......### #.#
#..#^##..^###
##.♣...#....#
##.s..##...# {
###^.#.#..#
##...#..# {#.^.## .#
#§^#...## #^.#.##..#
?....^# .# ##.###..
#


You could see a redback.

Vanquished Creatures
  An acid blob (Lair:7)
  Gastronok (Lair:1)
  A thorn hunter (Swamp:4)
  Louise (Spider:2)
  A very ugly thing (Swamp:4)
  An alligator (Swamp:2)
  A large abomination (Swamp:4)
  3 ice devils (IceCv)
  A hill giant (D:11)
  A spriggan druid (Swamp:4)
  A shambling mangrove (Swamp:1)
  4 wolf spiders
  2 orb spiders (Spider:1)
  An ugly thing (D:12)
  A griffon (Lair:7)
  A centaur zombie (D:10)
  2 elephants (Lair:4)
  3 orange demons (Swamp:4)
  3 spiny frogs
  2 torpor snails
  A black mamba (Lair:2)
  4 komodo dragons
  2 jumping spiders
  A demonic crawler (Spider:1)
  A troll (D:9)
  4 polar bears
  6 blue devils (IceCv)
  2 blink frogs (Lair:8)
  2 slime creatures
  5 bog bodies
  4 giant leeches
  2 trapdoor spiders
  2 wyverns
  7 redbacks
  Sigmund (D:5)
  A spriggan (Lair:8)
  3 tarantellas
  4 yaks
  4 hippogriffs
  3 vampire mosquitoes
  10 swamp worms
  4 porcupines
  18 wolves
  2 ice beasts
  17 spiders
  A water moccasin (Lair:2)
  Purgy (Sewer)
  3 black bears
  3 ogres
  2 orc warriors (Bailey)
  A swamp drake (Swamp:3)
  8 crocodiles
  2 centaurs
  An elf zombie (Ossuary)
  2 big kobolds
  2 necrophages
  11 giant frogs
  2 scorpions
  A wight (D:7)
  4 killer bees
  A quasit (D:9)
  4 crimson imps
  2 giant frog zombies
  2 centaur skeletons
  2 orc priests
  2 hounds
  2 jellies
  Crazy Yiuf (D:6)
  2 giant frog skeletons
  5 orc wizards
  A human zombie (Ossuary)
  2 hell rats (Lair:6)
  7 iguanas
  13 worker ants
  A killer bee zombie (D:8)
  16 sheep
  A hound zombie (Ossuary)
  2 hound skeletons
  4 mummies
  2 worker ant zombies
  27 river rats
  15 adders
  5 white imps (IceCv)
  A shadow imp (D:5)
  An ufetubus (IceCv)
  An adder skeleton (D:4)
  2 adder zombies
  3 worms (Lair:5)
  23 orcs
  6 ball pythons
  8 bats
  5 hobgoblins
  7 jackals
  19 kobolds
  9 giant cockroaches
  4 giant geckos
  6 giant newts
  7 goblins
  An orc zombie (Ossuary)
  10 quokkas
  9 rats
  A plant (D:12)
428 creatures vanquished.

Vanquished Creatures (collateral kills)
  A tentacled monstrosity (Swamp:1)
  An Ice Fiend (IceCv)
  An acid blob (Lair:7)
  The ghost of Poody the Markscentaur, an adept CeHu of Okawaru (Spider:2)
  Agnes (Spider:2)
  2 thorn hunters
  The ghost of karlm the Peltast, an adept GrFi of Okawaru (Spider:1)
  An emperor scorpion (Spider:3)
  Aizul (Swamp:4)
  2 very ugly things (Swamp:4)
  An entropy weaver (Spider:2)
  A death ooze (Swamp:4)
  The ghost of Clownie the Protected, a journeyman FoCK of Ru (D:12)
  2 green deaths (Swamp:4)
  Fannar (D:11)
  A hell beast (Swamp:4)
  23 hydras
  Erica (D:9)
  A ghost crab (Swamp:4)
  8 alligators
  The ghost of Clownie the Cleaver, a journeyman FoFi of the Shining One (D:10)
  8 death yaks
  Urug (Lair:4)
  2 ice devils (IceCv)
  7 swamp dragons
  2 unseen horrors (D:12)
  2 shambling mangroves (Swamp:4)
  12 orb spiders
  4 hill giants
  A lindwurm (Lair:7)
  An oklob plant (Lair:7)
  17 wolf spiders
  6 ugly things
  A moth of wrath (Spider:1)
  2 cyclopes (D:11)
  5 elephants
  Maurice (D:12)
  A centaur zombie (D:10)
  2 torpor snails (Spider:1)
  3 ice statues
  17 spiny frogs
  3 black mambas
  2 orange demons (Swamp:4)
  6 komodo dragons
  2 fire drakes
  11 jumping spiders
  3 demonic crawlers
  3 blue devils (IceCv)
  4 spriggan druids
  8 blink frogs
  7 polar bears
  2 boulder beetles (Spider:2)
  7 giant leeches
  8 bog bodies
  15 slime creatures
  A wraith (D:10)
  39 redbacks
  3 trapdoor spiders (Spider:2)
  20 spriggans
  2 shadows
  2 hippogriffs
  31 yaks
  A deep elf mage (D:11)
  2 wyverns
  2 steam dragons
  Grum (D:8)
  25 vampire mosquitoes
  5 tarantellas
  2 basilisks
  Menkaure (D:4)
  12 water moccasins
  15 swamp worms
  20 wolves
  5 sky beasts
  6 insubstantial wisps
  9 swamp drakes
  A porcupine (Lair:2)
  4 phantoms
  21 spiders
  15 wasps
  4 orc warriors
  6 black bears
  A necrophage (D:5)
  A centaur (D:5)
  3 ogres
  3 giant frogs
  6 crocodiles
  2 wyvern zombies (D:7)
  A wyvern skeleton (D:11)
  A scorpion (Lair:5)
  10 killer bees
  A crimson imp (D:5)
  7 wights
  A jelly (D:11)
  A human zombie (Ossuary)
  An orc priest (D:9)
  2 orc wizards (D:10)
  A giant frog skeleton (D:8)
  4 iguanas
  5 hell rats (Lair:6)
  3 worker ants
  17 sheep
  A big kobold zombie (Ossuary)
  A mummy (Ossuary)
  22 river rats
  A shadow imp (D:11)
  An adder (D:7)
  A white imp (IceCv)
  5 ufetubi (IceCv)
  An adder zombie (Ossuary)
  An adder skeleton (D:9)
  A worm (Lair:5)
  3 giant geckos
  6 orcs
  7 goblins
  A hobgoblin (Bailey)
  10 kobolds
  A giant newt (Sewer)
  2 hobgoblin zombies (Ossuary)
  2 orc zombies (Ossuary)
  A quokka zombie (D:9)
  7 fungi
  7 plants
637 creatures vanquished.

Vanquished Creatures (others)
  Erolcha (D:8)
  A hell beast (Swamp:4)
  A wolf spider (shapeshifter) (D:10)
  Joseph (D:8)
  2 yaks
  A jelly (D:6)
  A centaur skeleton (D:11)
  A river rat (Lair:7)
  3 white imps (IceCv)
  2 ufetubi (IceCv)
  2 briar patches (Swamp:2)
  13 fungi
  6 plants
  110 snaplasher vine segments
145 creatures vanquished.

Grand Total: 1210 creatures vanquished

Notes
Turn   | Place    | Note
--------------------------------------------------------------
     0 | D:1      | Maia the Human Summoner began the quest for the Orb.
     0 | D:1      | Reached XP level 1. HP: 13/13 MP: 3/3
   146 | D:1      | Reached XP level 2. HP: 8/19 MP: 5/5
   150 | D:1      | Learned a level 2 spell: Call Imp
   768 | D:2      | Reached skill level 5 in Summonings
   768 | D:2      | Reached XP level 3. HP: 18/24 MP: 6/6
   773 | D:2      | Learned a level 3 spell: Call Canine Familiar
  1102 | D:2      | Reached XP level 4. HP: 18/30 MP: 7/7
  1902 | D:3      | Found a sacrificial altar of Ru.
  2036 | D:3      | Found a glowing drain.
  2069 | Sewer    | Entered a sewer
  2135 | Sewer    | Noticed Purgy
  2144 | Sewer    | Killed Purgy
  2144 | Sewer    | Reached skill level 6 in Summonings
  2144 | Sewer    | Reached XP level 5. HP: 35/35 MP: 8/8
  2152 | Sewer    | Learned a level 3 spell: Summon Guardian Golem
  2352 | D:3      | Noticed a centaur
  2359 | D:3      | Killed a centaur
  2359 | D:3      | Reached skill level 7 in Summonings
  2359 | D:3      | Reached XP level 6. HP: 28/41 MP: 9/9
  2459 | D:3      | Found a shadowy altar of Dithmenos.
  2528 | D:3      | Found a glowing golden altar of the Shining One.
  3814 | D:4      | Noticed Menkaure
  4344 | D:4      | Reached XP level 7. HP: 35/46 MP: 10/10
  4625 | D:4      | Killed Menkaure
  4625 | D:4      | Reached skill level 8 in Summonings
  4908 | D:5      | Entered Level 5 of the Dungeon
  5050 | D:5      | Noticed Sigmund
  5100 | D:5      | Killed Sigmund
  5100 | D:5      | Reached skill level 9 in Summonings
  5100 | D:5      | Reached XP level 8. HP: 38/52 MP: 11/11
  5715 | D:5      | Reached skill level 10 in Summonings
  5823 | D:5      | Found a staircase to the Ecumenical Temple.
  5833 | Temple   | Entered the Ecumenical Temple
  5854 | Temple   | Became a worshipper of Sif Muna the Loreminder
  6215 | D:6      | Found a sand-covered staircase.
  6227 | Ossuary  | Entered an ossuary
  6716 | D:6      | Reached * piety under Sif Muna
  6716 | D:6      | Reached XP level 9. HP: 44/57 MP: 11/14
  6935 | D:6      | Noticed Crazy Yiuf
  6943 | D:6      | Killed Crazy Yiuf
  7540 | D:7      | Reached skill level 5 in Spellcasting
  7540 | D:7      | Reached skill level 11 in Summonings
  7570 | D:7      | Found a sacrificial altar of Ru.
  7576 | D:7      | Learned a level 4 spell: Summon Ice Beast
  7587 | D:7      | Found an iron altar of Okawaru.
  7725 | D:7      | Reached skill level 1 in Ice Magic
  7938 | D:7      | Found an opulent altar of Gozag.
  7938 | D:7      | Found a blossoming altar of Fedhas.
  8093 | D:7      | Reached ** piety under Sif Muna
  8136 | D:8      | Noticed Grum
  8427 | D:8      | Noticed Joseph
  8481 | D:8      | Found a flagged portal.
  8491 | Bailey   | Entered a bailey
  8611 | Bailey   | Noticed an orc warlord
  8624 | Bailey   | Learned a level 4 spell: Summon Lightning Spire
  8824 | Bailey   | Found a runed gate.
  8826 | Bailey   | Found a runed gate.
  8829 | Bailey   | Found a runed gate.
  9639 | D:8      | Killed Grum
  9865 | D:8      | Reached XP level 10. HP: 17/63 MP: 17/17
 10123 | D:8      | Noticed Erolcha
 10123 | D:8      | Paralysed by Erolcha for 7 turns
 10419 | D:8      | Killed Erolcha
 10419 | D:8      | Reached *** piety under Sif Muna
 10419 | D:8      | Reached skill level 12 in Summonings
 10518 | D:8      | Reached skill level 5 in Ice Magic
 10706 | D:8      | Killed Joseph
 10706 | D:8      | Reached skill level 1 in Air Magic
 11034 | D:9      | Noticed Erica
 11568 | D:9      | Found a staircase to the Lair.
 11875 | D:9      | Reached **** piety under Sif Muna
 11880 | D:9      | Gained mutation: You are partially covered in large bone plates (AC +2, SH +2). [mutagenic meat]
 12020 | D:9      | Noticed a hill giant
 12092 | D:9      | Gained mutation: You possess an exceptional clarity of mind. [mutagenic meat]
 12285 | D:9      | Killed a hill giant
 12692 | D:9      | Found a sparkling altar of Nemelex Xobeh.
 13015 | D:9      | Killed Erica
 13015 | D:9      | Reached skill level 5 in Air Magic
 13080 | D:10     | Entered Level 10 of the Dungeon
 13080 | D:10     | Noticed a hill giant
 13086 | D:10     | Killed a hill giant
 13086 | D:10     | Reached ***** piety under Sif Muna
 13086 | D:10     | Reached skill level 1 in Hexes
 13086 | D:10     | Reached skill level 13 in Summonings
 13086 | D:10     | Reached XP level 11. HP: 50/68 MP: 17/18
 13169 | D:10     | Noticed a deep troll
 13195 | D:10     | a deep troll changed into an eye of devastation
 13449 | D:10     | Learned a level 3 spell: Regeneration
 13533 | D:10     | Noticed a hill giant
 13543 | D:10     | Killed a hill giant
 13873 | D:10     | Noticed a hill giant
 13887 | D:10     | Killed a hill giant
 13921 | D:10     | Noticed Clownie's ghost (journeyman FoFi)
 13924 | D:10     | Noticed a hill giant
 13953 | D:10     | Noticed a wolf spider
 13953 | D:10     | a hill giant changed into a wolf spider
 13981 | D:10     | Killed Clownie's ghost
 13982 | D:10     | Killed a wolf spider
 14151 | D:10     | Found Kallig's Assorted Antiques.
 14158 | D:10     | Gained mutation: Your magical capacity is low (-10% MP). [mutagenic meat]
 14159 | D:10     | Gained mutation: You have a pair of small antennae on your head. [mutagenic meat]
 14160 | D:10     | Lost mutation: Your magical capacity is low (-10% MP). [mutagenic meat]
 14161 | D:10     | Gained mutation: Armour fits poorly on your strangely shaped body. [mutagenic meat]
 14165 | D:10     | Bought a scroll labeled ZENOM VEANWO for 27 gold pieces
 14165 | D:10     | Bought a square beryl amulet for 135 gold pieces
 14200 | D:10     | Found a staircase to the Orcish Mines.
 14486 | D:10     | Noticed an ice statue
 14570 | D:10     | Killed an ice statue
 14809 | D:11     | Noticed a hill giant
 14844 | D:11     | Killed a hill giant
 14844 | D:11     | Reached skill level 5 in Hexes
 15217 | D:11     | Noticed a red ugly thing
 15233 | D:11     | Killed a red ugly thing
 15312 | D:11     | Noticed a cyclops
 15596 | D:11     | Killed a cyclops
 15758 | D:11     | Reached ****** piety under Sif Muna
 15800 | D:11     | Received a gift from Sif Muna
 15801 | D:11     | Identified Sif Muna's Disquisition on Summoning and Lightness (Sif Muna gifted it to you on level 11 of the Dungeon)
 15838 | D:11     | Learned a level 1 spell: Summon Butterflies
 16064 | D:11     | Noticed a cyclops
 16086 | D:11     | Killed a cyclops
 16086 | D:11     | Reached skill level 14 in Summonings
 16153 | D:11     | Noticed a purple ugly thing
 16153 | D:11     | Noticed a white ugly thing
 16209 | D:11     | Noticed Fannar
 16222 | D:11     | Killed Fannar
 16465 | D:11     | Killed a purple ugly thing
 16479 | D:11     | Killed a purple ugly thing
 16891 | D:12     | Got a tiger eye-encrusted scale mail
 16902 | D:12     | Identified the cursed +1 scale mail of the Desert {+Fly rF- rN++ Stlth+} (You found it on level 12 of the Dungeon)
 16929 | D:12     | Noticed a white ugly thing
 16951 | D:12     | Killed a white ugly thing
 16951 | D:12     | Reached XP level 12. HP: 56/74 MP: 16/21
 17027 | D:12     | Noticed an unseen horror
 17034 | D:12     | Killed an unseen horror
 17041 | D:12     | Noticed Maurice
 17068 | D:12     | Killed Maurice
 17125 | D:12     | Noticed Clownie's ghost (journeyman FoCK)
 17193 | D:12     | Killed Clownie's ghost
 17221 | D:12     | Noticed an unseen horror
 17298 | D:12     | Killed an unseen horror
 18059 | Lair:1   | Entered Level 1 of the Lair of Beasts
 18943 | Lair:1   | Received a gift from Sif Muna
 18944 | Lair:1   | Identified Jiffonem's Incunabulum of Supportive Beguiling (Sif Muna gifted it to you on level 1 of the Lair of Beasts)
 19036 | Lair:1   | Learned a level 5 spell: Summon Forest
 19087 | Lair:1   | Noticed Gastronok
 19107 | Lair:1   | Killed Gastronok
 19107 | Lair:1   | Reached skill level 15 in Summonings
 19126 | Lair:1   | Learned a level 2 spell: Swiftness
 19232 | Lair:1   | Reached skill level 1 in Translocations
 20072 | Lair:2   | Noticed a six-headed hydra
 20088 | Lair:2   | Killed a six-headed hydra
 20490 | Lair:2   | You fall through a shaft for 2 floors!
 21426 | Lair:2   | Reached XP level 13. HP: 37/79 MP: 26/26
 22121 | Lair:3   | Found a staircase to the Swamp.
 22636 | Lair:3   | Reached skill level 5 in Translocations
 22900 | Lair:3   | Noticed a five-headed hydra
 22906 | Lair:3   | Killed a five-headed hydra
 22906 | Lair:3   | Received a gift from Sif Muna
 22907 | Lair:3   | Identified Sif Muna's Tome of Floating Displacement (Sif Muna gifted it to you on level 3 of the Lair of Beasts)
 23599 | Lair:4   | Noticed an eight-headed hydra
 23610 | Lair:4   | Killed an eight-headed hydra
 23997 | Lair:4   | Reached skill level 10 in Spellcasting
 24005 | Lair:4   | Learned a level 6 spell: Monstrous Menagerie
 24628 | Lair:4   | Noticed a six-headed hydra
 24635 | Lair:4   | Killed a six-headed hydra
 24668 | Lair:4   | Reached skill level 5 in Fighting
 24668 | Lair:4   | Reached XP level 14. HP: 78/98 MP: 28/28
 24871 | Lair:4   | Noticed Urug
 24914 | Lair:4   | Killed Urug
 24914 | Lair:4   | Received a gift from Sif Muna
 24921 | Lair:4   | Identified Sif Muna's Further Progress in Sorcery (Sif Muna gifted it to you on level 4 of the Lair of Beasts)
 25554 | Lair:5   | Found a hole to the Spider Nest.
 27156 | Lair:7   | Found a staircase to the Slime Pits.
 28054 | Lair:7   | Found a stormy altar of Qazlal.
 28199 | Lair:7   | Noticed an acid blob
 28211 | Lair:7   | Killed an acid blob
 28826 | Lair:8   | Entered Level 8 of the Lair of Beasts
 29275 | Lair:8   | Reached skill level 16 in Summonings
 29442 | Lair:7   | Noticed an acid blob
 29822 | Lair:7   | Killed an acid blob
 29822 | Lair:7   | Reached skill level 5 in Stealth
 29822 | Lair:7   | Reached XP level 15. HP: 42/103 MP: 23/29
 30757 | Lair:8   | Gained mutation: You can spit weak poison. [potion of mutation]
 30757 | Lair:8   | Gained mutation: You expend magic power (3 MP) to strengthen your wands. [potion of mutation]
 30757 | Lair:8   | Lost mutation: You possess an exceptional clarity of mind. [potion of mutation]
 31275 | Lair:8   | Received a gift from Sif Muna
 31278 | Lair:8   | Identified Sif Muna's Almanac of Hexes (Sif Muna gifted it to you on level 8 of the Lair of Beasts)
 31592 | Lair:8   | Got a faintly glowing robe
 31603 | Lair:8   | Identified the cursed +1 robe "Siguov" {*Corrode rF+ Dex+4} (You found it on level 8 of the Lair of Beasts)
 32108 | Swamp:1  | Entered Level 1 of the Swamp
 32958 | Swamp:1  | Noticed a tentacled monstrosity
 33041 | Swamp:1  | Killed a tentacled monstrosity
 33041 | Swamp:1  | Reached skill level 5 in Dodging
 33835 | Swamp:2  | Found a frozen archway.
 33874 | IceCv    | Entered an ice cave
 34655 | IceCv    | Reached skill level 17 in Summonings
 34959 | IceCv    | Noticed an Ice Fiend
 35027 | IceCv    | Killed an Ice Fiend
 35201 | IceCv    | Identified the Almanac of Clay
 36402 | Swamp:2  | Noticed a thorn hunter
 36427 | Swamp:2  | Killed a thorn hunter
 36790 | Swamp:3  | Reached XP level 16. HP: 60/110 MP: 30/30
 37813 | Swamp:4  | Entered Level 4 of the Swamp
 38110 | Swamp:4  | Noticed Aizul
 38120 | Swamp:4  | Killed Aizul
 38484 | Swamp:4  | Received a gift from Sif Muna
 38818 | Swamp:4  | Got a pitted trident {freeze}
 38819 | Swamp:4  | Identified the +8 trident of Interdependent Arising {freeze, MR+ SInv} (You took it off a spriggan on level 4 of the Swamp)
 39153 | Swamp:4  | Noticed a thorn hunter
 39162 | Swamp:4  | Killed a thorn hunter
 39776 | Swamp:4  | Noticed a thorn hunter
 39787 | Swamp:4  | Killed a thorn hunter
 39787 | Swamp:4  | Reached skill level 18 in Summonings
 40279 | Swamp:4  | Got a decaying rune of Zot
 41209 | Spider:1 | Entered Level 1 of the Spider Nest
 41583 | Spider:1 | Learned a level 7 spell: Summon Hydra
 41714 | Spider:1 | Received a gift from Sif Muna
 41724 | Spider:1 | Learned a level 5 spell: Shadow Creatures
 42214 | Spider:1 | Noticed karlm's ghost (adept GrFi)
 42228 | Spider:1 | Killed karlm's ghost
 42871 | Spider:1 | Reached XP level 17. HP: 98/119 MP: 33/33
 43727 | Spider:2 | Noticed Agnes
 43738 | Spider:2 | Noticed Louise
 43754 | Spider:2 | Killed Louise
 44034 | Spider:2 | Noticed Poody's ghost (adept CeHu)
 44046 | Spider:2 | Killed Poody's ghost
 44955 | Spider:2 | Killed Agnes
 45380 | Spider:2 | Reached skill level 19 in Summonings
 46069 | Spider:3 | HP: 3/186 [poisoned by a redback]
 46070 | Spider:3 | HP: 1/186 [poisoned by a redback]
 46071 | Spider:3 | Succumbed to a redback's poison

Action                   |  1- 3 |  4- 6 |  7- 9 | 10-12 | 13-15 | 16-18 || total
-------------------------+-------+-------+-------+-------+-------+-------++-------
Melee: Mace              |    66 |       |       |       |       |       ||    66
       Short sword       |    14 |   139 |   326 |   780 |   775 |    90 ||  2124
       Trident           |       |       |       |       |       |   386 ||   386
 Cast: Call Imp          |     2 |     6 |    40 |    22 |       |       ||    70
       Call Canine Famil |       |     1 |    29 |    68 |    64 |    21 ||   183
       Summon Guardian G |       |       |     3 |    32 |     6 |       ||    41
       Summon Ice Beast  |       |       |     2 |    45 |   177 |    62 ||   286
       Summon Lightning  |       |       |     1 |     4 |     3 |       ||     8
       Monstrous Menager |       |       |       |       |    46 |    63 ||   109
       Regeneration      |       |       |       |       |     1 |     8 ||     9
       Swiftness         |       |       |       |       |     1 |     1 ||     2
       Summon Forest     |       |       |       |       |     1 |     5 ||     6
       Shadow Creatures  |       |       |       |       |       |    52 ||    52
Invok: Channel Energy    |       |       |       |     2 |       |       ||     2
Evoke: Wand              |       |       |     7 |     7 |       |     3 ||    17
  Use: Potion            |     2 |       |     6 |     5 |    12 |    13 ||    38
       Scroll            |       |     8 |     6 |    16 |    13 |    14 ||    57
 Stab: Sleeping          |     5 |    13 |     9 |    10 |     3 |     5 ||    45
       Distracted        |       |     1 |     2 |    13 |    10 |     4 ||    30
       Paralysed         |       |       |       |       |     2 |       ||     2
       Confused          |       |       |       |       |     1 |     3 ||     4
  Eat: Chunk             |     1 |    10 |    11 |    25 |    55 |    26 ||   128
       Pizza             |       |       |     2 |     1 |       |     1 ||     4
       Beef jerky        |       |       |     2 |       |     5 |       ||     7
       Meat ration       |       |       |     1 |     2 |       |     1 ||     4
       Bread ration      |       |       |       |     4 |       |     4 ||     8
       Fruit             |       |       |       |       |     6 |     2 ||     8
